 Dungeon Crawl Stone Soup version 0.23-a0-80-gc95c2c7 (webtiles) character file.

1255 Amnesiac the Gusty (level 8, -12/52 HPs)
             Began as a Mummy Air Elementalist on Aug 12, 2018.
             Was a Believer of Sif Muna.
             Mangled by a gnoll
             ... wielding a +0 halberd
              (15 damage)
             ... on level 6 of the Dungeon.
             The game lasted 00:10:48 (4293 turns).

Amnesiac the Gusty (Mummy Air Elementalist)         Turns: 4293, Time: 00:10:49

Health: -12/52     AC:  4    Str: 12    XL:     8   Next: 26%
Magic:  0/18       EV: 12    Int: 20    God:    Sif Muna [**....]
Gold:   359        SH:  0    Dex: 12    Spells: 17/21 levels left

rFire    . . .     SeeInvis .   b - +3 falchion of Nemelex Xobeh's Hatred {vamp, rElec Int+4}
rCold    + . .     Gourm    .   (no shield)
rNeg     + + +     Faith    .   a - +0 robe
rPois    ∞         Spirit   +   i - +1 helmet
rElec    +         Reflect  .   (no cloak)
rCorr    .         Harm     .   (no gloves)
MR       +....                  (no boots)
Stlth    ++........             f - amulet of guardian spirit
HPRegen  0.17/turn              l - ring of protection from fire
MPRegen  0.16/turn              (no ring)

@: about to teleport, no casting
A: no food or potions, fire vulnerability, cold resistance 1, negative energy
resistance 3, torment resistance, unbreathing
a: Stop Divine Energy, Renounce Religion


You were on level 6 of the Dungeon.
You worshipped Sif Muna.
Sif Muna was pleased with you.
You were not hungry.

You visited 2 branches of the dungeon, and saw 8 of its levels.

You collected 359 gold pieces.

Inventory:

Hand Weapons
 b - the +3 falchion of Nemelex Xobeh's Hatred (weapon) {vamp, rElec Int+4}
   (You found it on level 5 of the Dungeon)

   It inflicts no extra harm, but heals its wielder when it wounds a living foe.
   It affects your intelligence (+4).
   It insulates you from electricity.
 r - a +0 long sword
Armour
 a - a +0 robe (worn)
 i - a +1 helmet (worn)
 m - a +0 buckler
Jewellery
 f - an amulet of guardian spirit (around neck)
 l - a ring of protection from fire (left hand)
Wands
 g - a wand of disintegration (11)
 j - a wand of random effects (12)
 n - a wand of acid (6)
 q - a wand of iceblast (10)
Scrolls
 c - a scroll of teleportation {!r}
 d - a scroll of identify {!r}
 e - a scroll of fog {!r}
 h - 7 scrolls of remove curse {!r}
 k - a scroll of amnesia {!r}
 o - a scroll of magic mapping {!r}


   Skills:
 - Level 1.5 Dodging
 - Level 1.5 Stealth
 + Level 7.3 Spellcasting
   Level 0.7 Conjurations
 * Level 7.3 Air Magic


You had 17 spell levels left.
You knew the following spells:

 Your Spells              Type           Power        Failure   Level  Hunger
a - Airstrike             Air            #####.....   4%          4    N/A

Your spell library contained the following spells:

 Spells                   Type           Power        Failure   Level  Hunger
 Lightning Bolt           Conj/Air       ###.......   43%         5    N/A
 Confuse                  Hex            #.......     28%         3    N/A
 Animate Dead             Necr           N/A          67%         4    N/A
 Pain                     Necr           #...         10%         1    N/A
 Animate Skeleton         Necr           N/A          10%         1    N/A
 Vampiric Draining        Necr           #.........   28%         3    N/A
 Regeneration             Chrm/Necr      #.........   28%         3    N/A
 Tukima's Dance           Hex            #.......     28%         3    N/A
 Shock                    Conj/Air       ###.         1%          1    N/A
 Swiftness                Chrm/Air       ###.....     3%          2    N/A
 Ensorcelled Hibernation  Hex/Ice        #.....       14%         2    N/A
 Static Discharge         Conj/Air       ###.....     5%          3    N/A
 Corona                   Hex            #......      10%         1    N/A
 Dazzling Spray           Conj/Hex       #.....       24%         3    N/A

Dungeon Overview and Level Annotations

Branches:
Dungeon (7/15)             Temple (1/1) D:4

Altars:
Cheibriados
Dithmenos
Gozag
Nemelex Xobeh
Ru
Sif Muna
Uskayaw
Vehumet
Wu Jian
Zin

Annotations:
D:4 exclusion: downstairs


Innate Abilities, Weirdness & Mutations

You do not eat or drink.
Your flesh is vulnerable to fire.
You are immune to poison.
Your flesh is cold resistant. (rC+)
You are immune to negative energy. (rN+++)
You are immune to unholy pain and torment.
You can survive without breathing.


Message History

The gnoll shouts!
The adder bites you but does no damage. The gnoll misses you.
You regain access to your magic.
Casting: Airstrike (safe; 4% risk of failure)
Confirm with . or Enter, or press ? or * to list all spells.
Aiming: Airstrike (safe; 4% risk of failure)
Press: ? - help, Dir - move target cursor, f - adder
Aim: an adder The air twists around and strikes the adder!
The adder is almost dead.
Sif Muna grants you divine energy.
You briefly lose access to your magic!
The adder bites you but does no damage. The adder bites you.
* * * LOW HITPOINT WARNING * * *
A quokka skeleton comes into view.
The adder closely misses you.
You regain access to your magic.
Found a stone staircase leading down.
The adder barely misses you.
You riposte.
You closely miss the adder.
The adder is almost dead.
Found a trident and a ring mail.
Found a yellow potion.
The adder bites you but does no damage.
There is a stone staircase leading down here.
The adder closely misses you.
You riposte.
You closely miss the adder.
The adder is almost dead.
You climb downwards. 2 orcs and an orc wizard come into view.
You found a teleport trap!
The orc wizard shouts!
You hear a shout!
The orc shouts! x2
Found a ring mail.
There is a stone staircase leading up here.
Casting: Airstrike (safe; 4% risk of failure)
Confirm with . or Enter, or press ? or * to list all spells.
Aiming: Airstrike (safe; 4% risk of failure)
Press: ? - help, Dir - move target cursor, f - adder
Aim: an adder (almost dead)
The air twists around and strikes the adder!
You kill the adder!
Sif Muna accepts your kill. Sif Muna grants you divine energy.
You briefly lose access to your magic!
The teleport trap disappears.
The orc disappears!
An orc comes into view. It is wielding a short sword.
The orc misses you.
You riposte.
You hit the orc.
You feel better.
The orc is severely wounded.
A centaur comes into view.
The orc barely misses you.
There is a stone staircase leading up here.
The centaur shouts!
The centaur wields a shortbow.
The centaur shoots an arrow.
The arrow hits you!
* * * LOW HITPOINT WARNING * * *
The orc hits you but does no damage.
You climb upwards.
There is a stone staircase leading down here.
Okay, then.
Really read
c - 2 scrolls of teleportation {!r}?
As you read the scroll of teleportation {!r}, it crumbles to dust.
You feel strangely unstable. The gnoll hits you but does no damage.
The orc barely misses you.
You riposte.
You hit the orc.
You feel better.
You kill the orc!
Sif Muna accepts your kill.
The gnoll hits you from afar with a halberd!
You die...

# #.# #.# ##.#
#.#######.#
##....##.#.gg..og#
..#...Z...#####g#
....##g### #.# #
#.##o#######gg
#...g..).......
#.####g....[......
#!..[>@............
###########........#
#.


You could see 3 gnolls, an orc and a quokka skeleton.

Vanquished Creatures
  Sigmund (D:6)
  A water moccasin (D:5)
  An ice beast (D:5)
  A phantom (D:4)
  2 centaurs (D:5)
  2 scorpions (D:5)
  3 howler monkeys (D:4)
  A crimson imp (D:5)
  An orc priest (D:4)
  A hound (D:4)
  3 orc wizards
  2 iguanas (D:4)
  An ogre zombie (D:5)
  2 hound skeletons
  A worker ant zombie (D:5)
  Robin (D:4)
  A gnoll zombie (D:5)
  3 adders
  A gnoll (D:4)
  An orc zombie (D:5)
  A shadow imp (D:5)
  An adder zombie (D:5)
  2 adder skeletons
  A worm (D:3)
  2 leopard geckos
  9 orcs
  3 ball pythons
  4 giant cockroaches
  11 goblins
  3 hobgoblins
  4 jackals (D:2)
  3 quokkas
  6 bats
  2 frilled lizards
  4 kobolds
  2 leopard gecko skeletons (D:5)
  A quokka skeleton (D:5)
  2 rats
91 creatures vanquished.

Notes
Turn   | Place    | Note
-------+----------+-------------------------------------------
     0 | D:1      | Amnesiac the Mummy Air Elementalist began the quest for the Orb.
     0 | D:1      | Reached XP level 1. HP: 13/13 MP: 4/4
   171 | D:1      | Reached XP level 2. HP: 19/19 MP: 0/5
   582 | D:4      | Noticed a phantom
   989 | D:5      | Entered Level 5 of the Dungeon
   989 | D:5      | Noticed a centaur
   992 | D:4      | Noticed a howler monkey
   999 | D:4      | Killed a howler monkey
   999 | D:4      | Reached XP level 3. HP: 24/24 MP: 1/8
  1063 | D:4      | Noticed Robin
  1066 | D:4      | Reached XP level 4. HP: 30/30 MP: 5/9
  1082 | D:4      | Killed Robin
  1196 | D:4      | Learned a level 4 spell: Airstrike
  1416 | D:4      | Reached XP level 5. HP: 33/35 MP: 4/11
  1549 | D:4      | Found a staircase to the Ecumenical Temple.
  1560 | Temple   | Entered the Ecumenical Temple
  1570 | Temple   | Became a worshipper of Sif Muna the Loreminder
  3062 | D:4      | Reached XP level 6. HP: 38/41 MP: 5/13
  3106 | D:4      | Reached skill level 5 in Air Magic
  3124 | D:4      | Reached skill level 5 in Spellcasting
  3231 | D:4      | Reached * piety under Sif Muna
  3260 | D:4      | Found a shadowy altar of Dithmenos.
  3263 | D:4      | Found a sparkling altar of Nemelex Xobeh.
  3272 | D:4      | Found a sacrificial altar of Ru.
  3590 | D:5      | Reached XP level 7. HP: 34/46 MP: 0/15
  3602 | D:5      | Found a hide-covered altar of Uskayaw.
  3809 | D:5      | Found a transporter.
  3934 | D:5      | Found a transporter.
  3992 | D:5      | Found a radiant altar of Vehumet.
  3992 | D:5      | Found an opulent altar of Gozag.
  4090 | D:5      | Reached XP level 8. HP: 47/52 MP: 3/18
  4183 | D:5      | Reached ** piety under Sif Muna
  4205 | D:5      | Got an ichor-stained falchion
  4207 | D:5      | Identified the +3 falchion of Nemelex Xobeh's Hatred {vamp, rElec Int+4} (You found it on level 5 of the Dungeon)
  4253 | D:6      | Noticed Sigmund
  4267 | D:6      | Killed Sigmund
  4290 | D:7      | HP: 1/52 [centaur/arrow (12)]
  4293 | D:6      | Mangled by a gnoll

Vault maps used:
D:1:      erik_arrival_triangle_large, minivault_4
D:2:      first_ration
D:4:      minmay_door_path, grunt_temple_overflow_diamond,
          minmay_temple_entry_enclosed_plants, uniq_robin
D:5:      gammafunk_cloud_chamber, gammafunk_temple_overflow_wave,
          lemuel_doored_altar
D:6:      serial_shops, shop, basic_altar, uniq_menkaure, uniq_sigmund,
          uniq_pikel
D:7:      chequers_temple_overflow_statue_of_worship, serial_park
Temple:   nicolae_temple_hex_pool

Skill      XL: |  1  2  3  4  5  6  7  8 |
---------------+-------------------------+-----
Air Magic      | 3 4 5 6 7 |  7.3
Spellcasting   | 3 4 5 6 7 |  7.3
Dodging        | |  1.5
Stealth        | |  1.5
Conjurations   | |  0.7

Action                   |  1- 3 |  4- 6 |  7- 9 || total
-------------------------+-------+-------+-------++-------
Melee: Mace              |    10 |    31 |    27 ||    68
       Falchion          |       |       |     5 ||     5
 Cast: Shock             |    38 |   118 |       ||   156
       Airstrike         |       |     6 |    50 ||    56
Invok: Divine Energy     |       |     1 |       ||     1
  Use: Scroll            |       |     5 |     5 ||    10
 Stab: Sleeping          |     1 |       |       ||     1
Armor: Robe              |     4 |     8 |    29 ||    41
Dodge: Dodged            |    14 |    41 |    47 ||   102
       Rpst.: Falchion   |       |       |     6 ||     6
       Long sword        |       |       |     1 ||     1

Table legend:
 A = Non-vault XP
 B = Vault XP
 C = Vault XP percentage of total XP
 D = Non-vault monster count
 E = Vault monster count
 F = Vault count percentage of total count
 G = Total turns spent on level
                 A         B        C        D         E       F
            +---------+---------+-------+---------+---------+-------
      Total |    1463 |     331 |  18.5 |      79 |      12 |  13.2
            +---------+---------+-------+---------+---------+-------
        D:1 |      17 |       0 |   0.0 |      10 |       0 |   0.0
        D:2 |      33 |       0 |   0.0 |      13 |       0 |   0.0
        D:3 |      86 |       0 |   0.0 |      17 |       0 |   0.0
        D:4 |     509 |      40 |   7.3 |      14 |       8 |  36.4
        D:5 |     782 |      53 |   6.3 |      22 |       3 |  12.0
        D:6 |      23 |     238 |  91.2 |       2 |       1 |  33.3
        D:7 |      13 |       0 |   0.0 |       1 |       0 |   0.0
            +---------+---------+-------+---------+---------+-------
